 Dungeon Crawl Stone Soup version 0.30-a0-779-g7971cf19c3 (webtiles) character file.

Game seed: 15762529899625547921

193 Smoke131 the Trooper (level 5, 0/55 HPs)
             Began as an Ogre Gladiator on Feb 17, 2023.
             Succumbed to Crazy Yiuf's poison
             ... on level 2 of the Dungeon.
             The game lasted 00:03:22 (1429 turns).

Smoke131 the Trooper (Ogre Gladiator)               Turns: 1429, Time: 00:03:23

Health: 0/55       AC:  3    Str: 15 (18) XL:     5   Next: 72%
Magic:  5/5        EV: 10    Int:  8 (9)  God:
Gold:   60         SH:  0    Dex: 11 (12) Spells: 4/4 levels left

rFire   . . .      SeeInvis .    a - +0 war axe
rCold   . . .      Faith    .    (no shield)
rNeg    . . .      Spirit   .    b - +0 robe
rPois   .          Reflect  .    c - +0 hat
rElec   .          Harm     .    (no cloak)
rCorr   .          Rampage  .    (gloves unavailable)
Will    .....                    (boots unavailable)
Stlth   +                        (no amulet)
HPRegen 0.29/turn                (no ring)
MPRegen 0.09/turn                (no ring)

@: lethally poisoned (0 -> -5)
A: large, unfitting armour, tough skin 1
a: no special abilities


You were on level 2 of the Dungeon.
You visited 1 branch of the dungeon, and saw 2 of its levels.

You collected 60 gold pieces.

Inventory:

Hand Weapons
 a - a +0 war axe (weapon)
Missiles
 d - 3 throwing nets (quivered)
 f - 20 stones
 n - 2 poisoned darts
Armour
 b - a +0 robe (worn)
 c - a +0 hat (worn)
Jewellery
 l - an amulet of magic regeneration
Wands
 m - a wand of flame (1)
Scrolls
 g - a scroll of amnesia {unknown}
 h - a scroll of fear
 j - 2 scrolls of immolation
 o - a scroll of enchant armour {unknown}
 p - a scroll of summoning {unknown}
 r - a scroll of identify {unknown}
Potions
 i - a potion of degeneration
 k - a potion of attraction {unknown}
 q - a potion of mutation {unknown}
 s - 2 potions of flight {unknown}


   Skills:
 + Level 4.9 Fighting
 - Level 3.0 Axes
 + Level 3.6 Throwing
 + Level 3.9 Dodging


You had 4 spell levels left.
You didn't know any spells.
Your spell library contained the following spells:

 Spells                   Type           Power      Damage    Failure   Level
 Necrotise                Necr           0%         1d4       41%         1
 Vampiric Draining        Necr           0%         2d6       78%         3
 Agony                    Necr           0%         N/A       100%        5


Dungeon Overview and Level Annotations

Branches:
Dungeon (2/15)

Altars:

Annotations:
D:2 Crazy Yiuf


Innate Abilities, Weirdness & Mutations

You are too large for most types of armour.
You have tough skin. (AC +1)


Message History

Aim: Crazy Yiuf, wielding a +3 quarterstaff of chaos and wearing a +1 cloak of willpower (64% to hit)
You throw a poisoned dart.
The poisoned dart barely misses Crazy Yiuf.
Crazy Yiuf closely misses you.
Throw: 4 darts (poison)
Press: ? - help, Q - select action, (/) - cycle Shift-Dir - straight line, f/p - Crazy Yiuf
Aim: Crazy Yiuf, wielding a +3 quarterstaff of chaos and wearing a +1 cloak of willpower (64% to hit)
You throw a poisoned dart.
The poisoned dart barely misses Crazy Yiuf.
Crazy Yiuf hits you with a +3 quarterstaff of chaos!
Throw: 3 darts (poison)
Press: ? - help, Q - select action, (/) - cycle Shift-Dir - straight line, f/p - Crazy Yiuf
Aim: Crazy Yiuf, wielding a +3 quarterstaff of chaos and wearing a +1 cloak of willpower (64% to hit)
You throw a poisoned dart. The poisoned dart hits Crazy Yiuf!
Crazy Yiuf is poisoned.
Crazy Yiuf hits you with a +3 quarterstaff of chaos!
You are poisoned.
Throw: large rock
Press: ? - help, Q - select action, (/) - cycle Shift-Dir - straight line, f/p - Crazy Yiuf
Aim: Crazy Yiuf, wielding a +3 quarterstaff of chaos and wearing a +1 cloak of willpower (very poisoned, 64% to hit)
You throw a large rock. The large rock hits Crazy Yiuf.
Crazy Yiuf is moderately wounded.
You feel very sick.
Crazy Yiuf hits you with a +3 quarterstaff of chaos.
You are more poisoned.
Crazy Yiuf closely misses you.
You feel very sick.
Crazy Yiuf cries, "You leg down broken song, no?"
You feel very sick.
You feel sick. Crazy Yiuf attacks as you move away!
Crazy Yiuf hits you with a +3 quarterstaff of chaos!
* * * LOW HITPOINT WARNING * * *
Crazy Yiuf freezes you.
* * * LOW HITPOINT WARNING * * *
x2 You feel sick.
It was a potion of degeneration.
There was something very wrong with that liquid.
You feel weakened.
You feel dopey.
You feel clumsy.
You die...

###.##...........................
#..........##########.#..........
#.....................####.......
#.................##### #.......
#...........####### ########
#...........# #
#...........##♣♣♣♣♣ #
##########....P.♣g♣♣♣ ### #
#....P.@♣..♣#...# #
#.....P♣♣♣♣.(..(# #.....♣♣
♣♣#..)# #..##♣♣ ### ####
########## #........# #........#


You could see Crazy Yiuf (very poisoned).

Vanquished Creatures
  Sigmund (D:2)
  A dart slug (D:1)
  4 ball pythons
  4 goblins
  4 hobgoblins
  4 jackals (D:2)
  A quokka (D:1)
  3 bats
  4 frilled lizards
  5 kobolds (D:1)
  2 rats
33 creatures vanquished.

Notes
Turn   | Place    | Note
-------+----------+-------------------------------------------
     0 | D:1      | Smoke131 the Ogre Gladiator began the quest for the Orb.
     0 | D:1      | Reached XP level 1. HP: 22/22 MP: 1/1
   146 | D:1      | Reached skill level 3 in Fighting
   150 | D:1      | Reached XP level 2. HP: 31/31 MP: 2/2
   679 | D:2      | Reached XP level 3. HP: 23/37 MP: 3/3
   781 | D:2      | Noticed Sigmund
   793 | D:2      | Killed Sigmund
   794 | D:2      | Reached skill level 4 in Fighting
   794 | D:2      | Reached XP level 4. HP: 30/49 MP: 4/4
   794 | D:2      | Reached XP level 5. HP: 33/55 MP: 5/5
  1275 | D:2      | Identified the +4 rapier of Qyzex {heavy, *Slow rF- rN++
                  | rCorr}
  1414 | D:2      | Found a runed translucent door.
  1415 | D:2      | Noticed Crazy Yiuf
  1428 | D:2      | HP: 2/55 [poisoned by Crazy Yiuf]
  1429 | D:2      | Succumbed to Crazy Yiuf's poison

Illustrated notes

Levels and vault maps discovered:
D:1:      reono_arrival_mine, layout_basic
D:2:      layout_basic, kennysheep_generic_room_11, uniq_sigmund,
          uniq_crazy_yiuf_cottage

Skill      XL: |  1  2  3 |
---------------+----------+-----
Fighting       | 3 4 |  4.9
Dodging        | 3 |  3.9
Throwing       | 3 |  3.6
Axes           | |  3.0

Action                     |  1- 3 |  4- 6 || total
---------------------------+-------+-------++-------
  Melee: War axe           |    63 |    22 ||    85
  Throw: Dart              |       |     3 ||     3
         Large rock        |       |     1 ||     1
  Evoke: Wand              |     9 |       ||     9
    Use: Scroll            |       |     2 ||     2
         Potion            |       |     1 ||     1
   Stab: Sleeping          |     1 |     1 ||     2
 Armour: Robe              |    28 |    10 ||    38
  Dodge: Dodged            |    47 |    16 ||    63

Table legend: (Time is in decaauts)
 A = Elapsed time spent in this place.
 B = Non-inter-level travel time spent in this place.
 C = Inter-level travel time spent in this place.
 D = Time resting spent in this place.
 E = Time spent auto-exploring this place.
 F = Levels seen in this place.
 G = Mean time per level.
                   A        B        C        D        E       F      G
               +--------+--------+--------+--------+--------+-----+--------+
         Total |   1458 |   1441 |     17 |     80 |   1062 |   2 |  729.0 |
       Dungeon |   1458 |   1441 |     17 |     80 |   1062 |   2 |  729.0 |
               +--------+--------+--------+--------+--------+-----+--------+

Top non-repeatable levels by time:
     D:2: 829 daAuts
     D:1: 628 daAuts
